 Dungeon Crawl Stone Soup version 0.27.0-1-g7a089689b8 (webtiles) character file.

Game seed: 3293027419385482948

1933 snetch the Magician (level 9, -5/56 HPs)
             Began as a Djinni Fire Elementalist on Aug 2, 2021.
             Was an Elder of Cheibriados.
             Slain by a necrophage (7 damage)
             ... on level 6 of the Dungeon.
             The game lasted 00:19:49 (5205 turns).

snetch the Magician (Djinni Fire Elementalist)      Turns: 5205, Time: 00:19:50

Health: -5/56      AC:  3    Str: 17    XL:     9   Next: 40%
Gold:   167        EV: 14    Int: 30    God:    Cheibriados [****..] SH: 11 Dex: 28

rFire    + + .     SeeInvis +   a - +4 hand axe "Veyroacuokh" {venom, rC+ Dex+4 SInv}
rCold    . . .     Faith    .   k - +0 buckler
rNeg     . . .     Spirit   .   i - +0 leather armour
rPois    ∞         Reflect  +   (no helmet)
rElec    .         Harm     .   (no cloak)
rCorr    .         Rampage  .   (no gloves)
Will     .....                  (boots unavailable)
Stlth    +++.......             y - amulet of reflection
HPRegen  0.18/turn              (no ring)
MPRegen  0.00/turn              (no ring)

@: flying, very slow
A: sickness immunity, fire resistance 2, cold vulnerability 1, float, innate
caster, hp casting, extra vitality 1
a: Renounce Religion, Bend Time, Temporal Distortion, Slouch


You were on level 6 of the Dungeon.
You worshipped Cheibriados.
Cheibriados was greatly pleased with you.
You visited 1 branch of the dungeon, and saw 7 of its levels.
You also visited: Sewer.

You collected 232 gold pieces.
You spent 65 gold pieces at shops.

Inventory:

Hand Weapons
 a - the +4 hand axe "Veyroacuokh" (weapon) {venom, rC+ Dex+4 SInv}
   (You found it on level 4 of the Dungeon)

   It poisons the flesh of those it strikes.
   Dex:       It affects your dexterity (+4).
   rC:        It protects you from cold.
   SInv:      It lets you see invisible.
 d - a +0 trident
 t - a +0 flail
 B - a +0 falchion
 F - a +1 whip of electrocution
 G - a +0 halberd
 I - a +1 whip of freezing
 K - a +0 great mace
Missiles
 e - 108 stones
 l - 4 throwing nets
 m - 25 bolts
 n - 109 arrows
 w - 6 atropa-tipped darts
 J - 29 sling bullets
Armour
 i - a +0 leather armour (worn)
 k - a +0 buckler (worn)
 v - a +0 chain mail
Magical Staves
 L - a staff of earth
Jewellery
 f - a ring of see invisible
 u - a +4 ring of evasion
 y - an amulet of reflection (around neck)
Scrolls
 g - 2 scrolls of blinking {unknown}
 o - 5 scrolls of teleportation
 q - a scroll of holy word {unknown}
 r - 3 scrolls of identify
 A - a scroll of fear {unknown}
 C - 3 scrolls of amnesia {unknown}
 D - a scroll of magic mapping {unknown}
Potions
 b - 3 potions of flight {unknown}
 c - 2 potions of cancellation
 h - a potion of mutation
 j - 4 potions of heal wounds {unknown}
 p - a potion of lignification {unknown}
 s - a potion of haste {unknown}
 x - 2 potions of might {unknown}
 z - a potion of attraction {unknown}
 E - 2 potions of curing {unknown}
 H - a potion of invisibility


   Skills:
 + Level 0.5 Fighting
 + Level 4.4 Armour
 + Level 3.6 Dodging
 + Level 3.3 Stealth
 + Level 1.4 Shields
 + Level 7.6 Spellcasting
 + Level 1.4 Invocations


You couldn't memorise any spells.
You knew the following spells:

 Your Spells              Type           Power      Damage    Failure   Level
a - Foxfire               Conj/Fire      100%       2x1d9     1%          1
b - Conjure Flame         Conj/Fire      55%        6-21      1%          3
c - Inner Flame           Hex/Fire       55%        N/A       1%          3
d - Sticky Flame          Conj/Fire      55%        2d7       3%          4
e - Fireball              Conj/Fire      27%        3d12      9%          5
f - Summon Small Mammal   Summ           100%       N/A       1%          1
g - Wereblood             Tmut           55%        N/A       1%          2
h - Static Discharge      Conj/Air       55%        N/A       1%          2
i - Call Canine Familiar  Summ           55%        N/A       1%          3
Your spell library was empty.

Dungeon Overview and Level Annotations

Branches:
Dungeon (7/15)              Sewer (visited)
 Temple: D:4-7

Altars:
Cheibriados
Trog

Shops:
D:1 ?


Innate Abilities, Weirdness & Mutations

You are immune to sickness and miasma.
You are immune to poison.
Your flesh is very heat resistant. (rF++)
You are vulnerable to cold. (rC-)
You float through the air rather than walking.
You learn spells naturally, not from books.
Your magical power is your life essence.
You have superior vitality. (+4 HP)


Message History

* * * LOW HITPOINT WARNING * * *
The necrophage hits you.
* * * LOW HITPOINT WARNING * * *
The centaur warrior zombie hits you but does no damage.
You block the centaur warrior zombie's attack.
You kill the hound!
Cheibriados thoroughly appreciates the change of pace.
The necrophage closely misses you.
Your wolf bites the centaur warrior zombie.
You block the centaur warrior zombie's attack.
The centaur warrior zombie barely misses you.
The necrophage completely misses you.
Casting: Call Canine Familiar (safe; 1% risk of failure)
Confirm with . or Enter, or press ? or * to list all spells.
* * * LOW HITPOINT WARNING * * *
Your wolf bites the centaur warrior zombie but does no damage.
The centaur warrior zombie closely misses you.
The centaur warrior zombie kicks you but does no damage.
You block the necrophage's attack.
Your wolf bites the centaur warrior zombie.
You block the kobold brigand's attack.
Casting: Summon Small Mammal (safe; 1% risk of failure)
Confirm with . or Enter, or press ? or * to list all spells.
* * * LOW HITPOINT WARNING * * *
Your wolf bites the centaur warrior zombie.
The necrophage hits you.
* * * LOW HITPOINT WARNING * * *
The kobold brigand hits you with a +0 whip.
* * * LOW HITPOINT WARNING * * *
Your wolf bites the centaur warrior zombie!
Your rat bites the necrophage.
Your wolf bites the centaur warrior zombie!
The centaur warrior zombie hits your wolf but does no damage.
The centaur warrior zombie kicks your wolf but does no damage.
Your wolf bites the centaur warrior zombie!
Your rat bites the kobold brigand but does no damage.
The centaur warrior zombie hits your wolf.
The centaur warrior zombie closely misses your wolf.
The necrophage hits you!
You die...

### #.#...>#. ..# #.......
# #.###......### # .# #.#
.........# #. #.# #.#
).).....# # #. ##.# #.#
.)..... ## #.#.# #.#
##...#####
.####...#####.####rr.......
.+......).......@nKZ.......
.####.....<..#####Kh....#..
## ##..####.# #........# #
#..# #.# #......#.#
#..####.# #........#
#....##.# ####.#####
##.#.##.# .# ## #.#.##.# .#
.# #......#


You could see a kobold brigand, a necrophage (ally target), a centaur warrior
zombie (ally target), a kobold, a friendly wolf (summoned), a friendly quokka
(summoned) and a friendly rat (summoned).

Vanquished Creatures
  Pikel (D:4)
  Eustachio (D:4)
  A necrophage (D:5)
  2 ogres
  2 phantoms
  4 bullfrogs
  3 scorpions
  A water moccasin skeleton (D:5)
  3 hounds
  A jelly (D:6)
  A gnoll shaman (D:4)
  A bullfrog skeleton (D:5)
  Natasha (thrice) (D:2)
  A hound skeleton (D:5)
  7 adders
  4 gnolls (D:4)
  2 ufetubi (D:6)
  An adder skeleton (D:4)
  3 worms
  A dart slug (D:1)
  2 orcs (D:4)
  6 endoplasms
  6 giant cockroaches
  5 goblins
  5 hobgoblins
  6 jackals
  9 quokkas
  8 ball pythons
  6 bats
  8 frilled lizards
  8 kobolds
  3 rats
115 creatures vanquished.

Vanquished Creatures (collateral kills)
  A scorpion zombie (D:5)
  A foxfire (D:1)
2 creatures vanquished.

Vanquished Creatures (others)
  406 foxfires
406 creatures vanquished.

Grand Total: 523 creatures vanquished

Notes
Turn   | Place    | Note
-------+----------+-------------------------------------------
     0 | D:1      | snetch the Djinni Fire Elementalist began the quest for the
                  | Orb.
     0 | D:1      | Reached XP level 1. HP: 15/15 MP: 0/0
    49 | D:1      | Reached XP level 2. HP: 7/21 MP: 0/0
   368 | D:1      | Found a faded altar of an unknown god.
   389 | D:1      | Got Plato's Guide on Sinister Rites
   390 | D:1      | Became a worshipper of Cheibriados the Contemplative
   390 | D:1      | Reached * piety under Cheibriados
   549 | D:2      | Reached skill level 3 in Spellcasting
   624 | D:1      | Reached XP level 3. HP: 21/25 MP: 0/0
   624 | D:1      | Learned a level 1 spell: Summon Small Mammal
   802 | D:1      | Found Coq Kaam's Magic Scroll Shop.
  1111 | D:1      | Reached ** piety under Cheibriados
  1369 | D:2      | Noticed Natasha
  1378 | D:2      | Killed Natasha
  1379 | D:2      | Reached XP level 4. HP: 16/31 MP: 0/0
  1936 | D:3      | Found a glowing drain.
  1972 | Sewer    | Entered a sewer
  2016 | Sewer    | Reached XP level 5. HP: 28/35 MP: 0/0
  2016 | Sewer    | Learned a level 2 spell: Wereblood
  2163 | Sewer    | Reached *** piety under Cheibriados
  2164 | Sewer    | Reached skill level 1 in Armour
  2220 | Sewer    | Noticed a bullfrog
  2224 | Sewer    | Killed a bullfrog
  2225 | Sewer    | Reached skill level 4 in Spellcasting
  2227 | Sewer    | Noticed a bullfrog
  2232 | Sewer    | Killed a bullfrog
  2233 | Sewer    | Reached XP level 6. HP: 27/40 MP: 0/0
  2451 | D:2      | Noticed Natasha
  2456 | D:2      | Killed Natasha
  2466 | D:2      | Noticed Natasha
  2469 | D:2      | Killed Natasha
  2876 | D:1      | Bought a scroll of teleportation for 39 gold pieces
  2876 | D:1      | Bought a scroll of identify for 26 gold pieces
  3037 | D:4      | Noticed Eustachio
  3062 | D:4      | Killed Eustachio
  3063 | D:4      | Reached XP level 7. HP: 14/46 MP: 0/0
  3063 | D:4      | Learned a level 2 spell: Static Discharge
  3306 | D:4      | Identified the +4 hand axe "Veyroacuokh" {venom, rC+ Dex+4
                  | SInv}
  3312 | D:4      | Reached skill level 5 in Spellcasting
  3350 | D:3      | Reached **** piety under Cheibriados
  3607 | D:4      | Noticed Pikel
  3615 | D:4      | Killed Pikel
  3616 | D:4      | Reached skill level 6 in Spellcasting
  3616 | D:4      | Reached XP level 8. HP: 43/51 MP: 0/0
  3779 | D:5      | Entered Level 5 of the Dungeon
  3802 | D:5      | Reached skill level 1 in Invocations
  4036 | D:4      | Found a bloodstained altar of Trog.
  4147 | D:4      | Reached XP level 9. HP: 52/56 MP: 0/0
  4147 | D:4      | Learned a level 3 spell: Call Canine Familiar
  4339 | D:5      | Reached skill level 7 in Spellcasting
  4545 | D:5      | Reached skill level 1 in Shields
  5204 | D:6      | HP: 2/56 [kobold brigand (1)]
  5205 | D:6      | Slain by a necrophage

Illustrated notes

Levels and vault maps discovered:
D:1:      amcnicky_arrival_gap_in_the_tavern_cellar, layout_basic,
          shapermc_ecumenical_altar_rom_forum, serial_shops, shop, st_stairs_4,
          kennysheep_minor_cross
D:2:      layout_rooms, uniq_natasha
D:3:      layout_rooms, cheibrodos_sewer_entry_sluice
D:4:      layout_cave_pools, trog_butcher_becter, uniq_eustachio, uniq_pikel
D:5:      wad_pebble_path, layout_basic, serial_glass, glass_columns_a,
          glass_columns_c, chequers_serial_rivers_small_3
D:6:      layout_loops_corners, minmay_temple_entry_offerings
D:7:      layout_loops_corners, general_overflow_altar

Skill      XL: |  1  2  3  4  5  6  7  8  9 |
---------------+----------------------------+-----
Spellcasting   | 3 4 6 7 |  7.6
Stealth        | 2 3 |  3.3
Armour         | 2 3 4 |  4.4
Dodging        | 3 |  3.6
Invocations    | 1 |  1.4
Shields        | 1 |  1.4
Fighting       | |  0.5

Action                   |  1- 3 |  4- 6 |  7- 9 || total
-------------------------+-------+-------+-------++-------
Melee: Unarmed           |       |     1 |       ||     1
       Hand axe          |       |       |     6 ||     6
 Cast: Foxfire           |    61 |    92 |    87 ||   240
       Summon Small Mamm |       |    10 |     2 ||    12
       Fireball          |       |       |     5 ||     5
       Call Canine Famil |       |       |     2 ||     2
Invok: Slouch            |       |       |     1 ||     1
  Use: Scroll            |       |     2 |       ||     2
 Stab: Sleeping          |       |       |     1 ||     1
Armor: Robe              |     1 |       |       ||     1
       Leather armour    |     9 |     4 |    11 ||    24
Dodge: Dodged            |    32 |    17 |    27 ||    76
Block: Buckler           |       |     4 |    37 ||    41
